 Dungeon Crawl Stone Soup version 0.22.0-75-g3901e79 (webtiles) character file.

52 Ghost6211 the Ruffian (level 3, -6/32 HPs)
             Began as a Naga Transmuter on Sept 13, 2018.
             Killed by nerve-wracking pain
             ... invoked by an orc priest
              (13 damage)
             ... on level 3 of the Dungeon.
             The game lasted 00:07:43 (3028 turns).

Ghost6211 the Ruffian (Naga Transmuter)             Turns: 3028, Time: 00:07:45

Health: -6/32      AC:  2    Str: 12    XL:     3   Next: 85%
Magic:  1/6        EV: 10    Int: 14    God:
Gold:   69         SH:  0    Dex: 15    Spells: 0/6 levels left

rFire    . . .     SeeInvis +   e - +0 short sword
rCold    . . .     Gourm    .   (no shield)
rNeg     . . .     Faith    .   b - +0 robe
rPois    +         Spirit   .   (no helmet)
rElec    .         Reflect  .   (no cloak)
rCorr    .         Harm     .   (no gloves)
MR       .....                  (no barding)
Stlth    +.........             (no amulet)
HPRegen  0.10/turn              f - ring of flight
MPRegen  0.10/turn              m - +4 ring of dexterity (curse)

@: very slightly contaminated, very slow
A: large, see invisible, deformed body, poison resistance, slowness 2, slow
metabolism 1, spit poison 1, AC +1
a: Spit Poison, Evoke Flight


You were on level 3 of the Dungeon.
You were near starving.

You visited 1 branch of the dungeon, and saw 3 of its levels.

You collected 69 gold pieces.

Inventory:

Hand Weapons
 e - a +0 short sword (weapon)
Missiles
 a - 26 arrows (quivered)
Armour
 b - a +0 robe (worn)
Jewellery
 f - a ring of flight (left hand)
 m - a cursed +4 ring of dexterity (right hand)
Wands
 j - a wand of random effects (39)
Scrolls
 g - a scroll of identify
 l - 2 scrolls of random uselessness
Potions
 c - a potion of haste {unknown}
 d - a potion of lignification {unknown}
 i - a potion of mutation {unknown}
Comestibles
 n - a ration


   Skills:
 + Level 1.7 Fighting
 + Level 2.0 Dodging
 - Level 3.0 Unarmed Combat
 + Level 2.3 Spellcasting
 * Level 3.0 Transmutations


You couldn't memorise any spells.
You knew the following spells:

 Your Spells              Type           Power        Failure   Level  Hunger
a - Beastly Appendage     Tmut           ##....       7%          1    #......
b - Sticks to Snakes      Tmut           ##......     10%         2    ###....
c - Spider Form           Tmut/Pois      #.........   36%         3    ###....

Your spell library contained the following spells:

 Spells                   Type           Power        Failure   Level  Hunger
 Ice Form                 Ice/Tmut       #.......     77%         4    #####..
 Blade Hands              Tmut           ##........   88%         5    ######.


Dungeon Overview and Level Annotations

Branches:
Dungeon (3/15)

Altars:
Okawaru
Xom


Innate Abilities, Weirdness & Mutations

You cannot wear boots.
Your serpentine skin is tough. (AC +1)
You have supernaturally acute eyesight. (SInv)
Armour fits poorly on your strangely shaped body.
Your system is resistant to poisons. (rPois)
You cover ground very slowly.
You have a slow metabolism.
You can spit poison.


Message History

The orc priest completely misses your adder.
Your adder barely misses the orc priest.
Something barely misses your adder.
The orc priest barely misses your adder.
Your adder barely misses the orc priest.
Your adder bites the orc priest.
The orc priest barely misses your adder.
Your adder bites the orc priest.
The orc priest hits your adder with a whip!
Your adder dies!
The orc wizard gestures at you while chanting.
You resist with some effort.
The orc priest shouts!
The orc priest barely misses you.
The orc wizard points at you and mumbles some strange words.
The magic dart hits you!
* * * LOW HITPOINT WARNING * * *
The orc priest invokes the aid of Beogh against you.
Pain shoots through your body!
You die...

#.#.S.......#.# .# .
###.##8lK%).8##.# #.#..
.....#########..###w....
#.....©.........Soo..
#......##..#####..#
#.##.S###..# #
#<##...o.).#
..#####.###.###.##
........@o..###.#
?######..o......#
###########


You could see an orc priest and an orc wizard (invisible).

Vanquished Creatures
  4 bats
  3 giant cockroaches
  A goblin (D:2)
  4 hobgoblins
  2 jackals (D:2)
  3 frilled lizards
  3 kobolds
  4 rats
24 creatures vanquished.

Vanquished Creatures (collateral kills)
  3 adders (D:2)
  A worm (D:2)
  A dart slug (D:1)
  3 orcs (D:3)
  A jackal (D:2)
9 creatures vanquished.

Grand Total: 33 creatures vanquished

Notes
Turn   | Place    | Note
-------+----------+-------------------------------------------
     0 | D:1      | Ghost6211 the Naga Transmuter began the quest for the Orb.
     0 | D:1      | Reached XP level 1. HP: 18/18 MP: 3/3
   690 | D:1      | Reached XP level 2. HP: 16/25 MP: 3/5
   839 | D:1      | Learned a level 2 spell: Sticks to Snakes
  1674 | D:2      | Found a shimmering altar of Xom.
  2016 | D:2      | Found an iron altar of Okawaru.
  2032 | D:2      | Reached XP level 3. HP: 20/31 MP: 3/6
  3006 | D:2      | Learned a level 3 spell: Spider Form
  3028 | D:3      | Killed from afar by an orc priest

Skill      XL: |  1  2  3 |
---------------+----------+-----
Dodging        | 2 |  2.0
Transmutations | 3 |  3.0
Fighting       | |  1.7
Unarmed Combat | |  3.0
Spellcasting   | |  2.3

Action                   || total
-------------------------++-------
Melee: Unarmed           ||    29
       Short sword       ||    97
       Headbutt          ||     4
       Punch             ||     1
 Cast: Beastly Appendage ||    11
       Sticks to Snakes  ||    17
  Use: Scroll            ||     4
  Eat: Ration            ||     1
       Chunk             ||     1
Armor: Robe              ||    33
Dodge: Dodged            ||   101
